 Dungeon Crawl Stone Soup version 0.28-a0-653-g7e9dba17c3 (webtiles) character file.

Game seed: 783015544111015357

7046 Zenkrye the Destroyer (level 11, -14/64 HPs)
             Began as a Tengu Venom Mage on Oct 11, 2021.
             Was a Follower of Sif Muna.
             Demolished by a shadow (26 damage)
             ... on level 10 of the Dungeon.
             The game lasted 00:58:16 (18468 turns).

Zenkrye the Destroyer (Tengu Venom Mage)           Turns: 18468, Time: 00:58:17

Health: -14/64     AC: 10    Str:  9    XL:     11   Next: 9%
Magic:  8/20       EV: 20    Int: 19    God:    Sif Muna [*.....]
Gold:   262        SH:  6    Dex: 20    Spells: 6/21 levels left

rFire   + . .      SeeInvis .   t - +2 hand axe (elec)
rCold   . . .      Faith    .   E - +0 buckler
rNeg    . . .      Spirit   .   H - +1 steam dragon scales
rPois   .          Reflect  .   (helmet restricted)
rElec   .          Harm     .   B - +0 cloak
rCorr   .          Rampage  .   j - +2 pair of gloves
Will    .....                   (boots unavailable)
Stlth   ++........              (no amulet)
HPRegen 0.20/turn               l - +6 ring of dexterity
MPRegen 0.17/turn               f - ring of protection from fire

@: flying quickly and evasively, very slightly contaminated, studying Fire
Magic, quick
A: beak, talons 3, inability to train armour, nimble flight
a: Renounce Religion, Channel Magic


You were on level 10 of the Dungeon.
You worshipped Sif Muna.
Sif Muna was aware of your devotion.
You visited 2 branches of the dungeon, and saw 12 of its levels.
You also visited: Ossuary.

You collected 578 gold pieces.
You spent 316 gold pieces at shops.

Inventory:

Hand Weapons
 m - a +0 hand crossbow of flaming
 t - a +2 hand axe of electrocution (weapon)
Missiles
 b - a silver boomerang (quivered)
 e - 33 bolts
 k - 27 poisoned darts
 v - 11 boomerangs
 D - a curare-tipped dart
Armour
 j - a +2 pair of gloves (worn)
 y - a +0 kite shield
 B - a +0 cloak (worn)
 E - a +0 buckler (worn)
 H - +1 steam dragon scales (worn)
Magical Staves
 c - a staff of poison
 F - a staff of fire
 G - a staff of conjuration
Jewellery
 f - a ring of protection from fire (right hand)
 l - a +6 ring of dexterity (left hand)
 n - a ring of positive energy
 o - a ring of poison resistance
Wands
 h - a wand of acid (7) {@v2}
 r - a wand of digging (8) {@v1}
 u - a wand of paralysis (8)
 z - a wand of flame (21)
Scrolls
 a - a scroll of fog
 i - a scroll of identify {@r1}
 p - a scroll of brand weapon
 q - 10 scrolls of teleportation {@r3}
Potions
 d - a potion of berserk rage
 g - 4 potions of brilliance
 s - 4 potions of might {@q4}
 w - 4 potions of haste {@q3}
 x - a potion of curing {@q1}
 A - 2 potions of cancellation
 C - a potion of invisibility
Miscellaneous
 I - a lightning rod (4/4)


   Skills:
 + Level 5.8 Fighting
 + Level 7.0 Dodging
 - Level 2.0 Stealth
 + Level 5.0 Shields
 + Level 5.9 Spellcasting
 + Level 9.2 Conjurations
 - Level 2.0 Translocations
 - Level 3.0 Transmutations
 - Level 3.0 Air Magic
 - Level 3.0 Earth Magic
 - Level 6.0 Poison Magic
 + Level 3.6 Invocations


You had 6 spell levels left.
You knew the following spells:

 Your Spells              Type           Power      Damage    Failure   Level
a - Sting                 Tmut/Pois      88%        1d7       1%          1
b - Blink                 Tloc           N/A        N/A       8%          2
d - Mephitic Cloud        Conj/Pois/Air  28%        N/A       2%          3
e - Olgreb's Toxic Radia  Pois           28%        N/A       10%         4
q - Stone Arrow           Conj/Erth      56%        3d10      2%          3
z - Poisonous Vapours     Pois/Air       44%        N/A       2%          2

Your spell library contained the following spells:

 Spells                   Type           Power      Damage    Failure   Level
 Sandblast                Erth           34%        2d9       3%          1
 Passwall                 Tmut/Erth      14%        N/A       4%          2
 Lesser Beckoning         Tloc           13%        N/A       16%         3
 Sublimation of Blood     Necr           2%         N/A       17%         2
 Irradiate                Conj/Tmut      14%        3d18      26%         5
 Petrify                  Tmut/Erth      17%        N/A       32%         4
 Manifold Assault         Tloc           13%        N/A       80%         5
 Summon Forest            Summ/Tloc      4%         N/A       91%         5
 Summon Mana Viper        Hex/Summ       5%         N/A       97%         5
 Summon Cactus Giant      Summ           2%         N/A       100%        6


Dungeon Overview and Level Annotations

Branches:
Dungeon (11/15)            Temple (1/1) D:7         Ossuary (visited)
   Lair: D:8-11         Orc: D:9-12

Altars:
Ashenzari
Cheibriados
Dithmenos
Elyvilon
Fedhas
Gozag
Hepliaklqana
Kikubaaqudgha
Makhleb
Nemelex Xobeh
Okawaru
Qazlal
Ru
Sif Muna
Trog
Uskayaw
Vehumet
Wu Jian
Xom
Yredelemnul
Zin
The Shining One
Beogh

Shops:
D:3 [   D:5 *   D:6 *

Annotations:
D:3 2 runed translucent doors, AttackTheMoon's ghost, weakling OgDe
D:8 3 runed translucent doors, Maimakterion's ghost, novice MiFi
D:10 2 transporters
D:11 Urug


Innate Abilities, Weirdness & Mutations

You have a beak for a mouth.
You have claws for feet.
You cannot train Armour skill.
Your magical nature lets you fly swiftly and evasively.


Message History

The white ugly thing is engulfed in noxious fumes.
The yak is engulfed in noxious fumes.
The yak appears confused.
The yak closely misses the yak.
You fly upwards.
Level annotation: 2 transporters
There is a stone staircase leading down here.
Casting: Mephitic Cloud (dangerous; 2% risk of failure)
Confirm with . or Enter, or press ? or * to list all spells.
You miscast Olgreb's Toxic Radiance.
You are very lightly contaminated with residual magic.
Nothing appears to happen.
The orc closely misses you. The orc completely misses you.
The shadow closely misses you.
You hit the orc. Lightning courses through the orc!
You kill the orc!
Sif Muna accepts your kill.
You hit the orc.
You kill the orc!
Sif Muna accepts your kill.
You hit the shadow.
The shadow slips into darkness.
The shadow flickers and vanishes!
Deactivating autopickup; reactivate with Ctrl-A.
You hit something. You claw something.
The shadow strikes at you from the darkness!
* * * LOW HITPOINT WARNING * * *
Reactivating autopickup.
You feel better.
The shadow slips into darkness.
The shadow flickers and vanishes!
Deactivating autopickup; reactivate with Ctrl-A.
Casting: Olgreb's Toxic Radiance (dangerous; 10% risk of failure)
Confirm with . or Enter, or press ? or * to list all spells.
You can't see any susceptible monsters within range! (Use Z to cast anyway.) Unknown command.
Unknown command.
Unknown command.
Things that are here:
a +0 dagger; an orc corpse The shadow strikes at you from the darkness!
You die...

#.# ###.#.#
##.##### #.#
##.....# ##.....#.
#.# #..##.##
##........ #.#
#.###.# #.........
#.# #.# #.#
#......... #)# #.#
#.# #......... #.#
#.# #.# #.........
#.# #.###.#
#.........
####.#######.<##@#
##..(.....
..........###.#))#
###.......
...........##..>##
#...###.#.
..............###
#.### #.#.
..............#
##.# #.#.
..............#
##>.# #.#.
..............#
#..######.#.
............#.#
#.## #....##
............#[#
#####.# #.###..


There were no monsters in sight!

Vanquished Creatures
  Harold (D:9)
  A two-headed ogre (D:9)
  3 trolls
  A wyvern (D:10)
  A shadow (D:9)
  A yak (D:10)
  2 steam dragons (D:8)
  3 orc warriors
  A sky beast (D:6)
  A black bear (D:7)
  A hornet zombie (D:7)
  2 ice beasts (D:7)
  2 ogres (D:5)
  2 necrophages (D:5)
  5 centaurs
  A phantom (D:5)
  A kobold brigand (D:7)
  2 bullfrogs
  A gnoll sergeant (D:7)
  A scorpion (D:4)
  A wyvern zombie (D:6)
  9 killer bees
  16 wights
  3 howler monkeys
  A crimson imp (D:7)
  2 bullfrog zombies (D:6)
  3 centaur zombies
  4 orc priests
  3 hounds
  A jelly (D:6)
  A gnoll shaman (D:6)
  3 bullfrog skeletons
  2 centaur skeletons (D:7)
  7 iguanas
  Ijyb (D:3)
  6 orc wizards
  A howler monkey zombie (D:6)
  A mummy (Ossuary)
  Robin (D:1)
  A howler monkey skeleton (D:5)
  12 gnolls
  7 adders
  3 white imps
  A worm (D:2)
  2 dart slugs
  37 orcs
  4 spectral bats (Ossuary)
  7 ball pythons
  2 bats
  5 endoplasms
  12 giant cockroaches
  12 gnoll zombies (Ossuary)
  5 hobgoblins
  4 jackals (D:2)
  5 quokkas
  4 bat simulacra (Ossuary)
  A frilled lizard (D:3)
  16 goblins
  3 goblin simulacra (Ossuary)
  2 goblin zombies (Ossuary)
  4 hobgoblin zombies (Ossuary)
  11 kobolds
  2 kobold simulacra (Ossuary)
  7 kobold zombies (Ossuary)
  5 orc zombies (Ossuary)
  4 rats
  3 rat simulacra (Ossuary)
  4 spectral goblins (Ossuary)
  A spectral kobold (Ossuary)
  2 spectral rats (Ossuary)
  A butterfly (D:7)
288 creatures vanquished.

Vanquished Creatures (others)
  An adder (D:4)
  An adder zombie (D:5)
  19 fungi (D:4)
  36 plants (D:3)
57 creatures vanquished.

Grand Total: 345 creatures vanquished

Notes
Turn   | Place    | Note
-------+----------+-------------------------------------------
     0 | D:1      | Zenkrye the Tengu Venom Mage began the quest for the Orb.
     0 | D:1      | Reached XP level 1. HP: 10/10 MP: 4/4
   144 | D:1      | Reached skill level 1 in Transmutations
   285 | D:1      | Reached XP level 2. HP: 15/15 MP: 1/6
   342 | D:1      | Learned a level 2 spell: Poisonous Vapours
   366 | D:1      | Found a faded altar of an unknown god.
   373 | D:1      | Prayed at the altar of an unknown god.
   373 | D:1      | Became a worshipper of Ru the Awakened
   381 | D:1      | Gained mutation: You cannot train Armour skill. [Ru
                  | sacrifice]
   381 | D:1      | Reached * piety under Ru
  1426 | D:1      | Found a sparkling altar of Nemelex Xobeh.
  1780 | D:2      | Reached XP level 3. HP: 19/19 MP: 5/7
  1802 | D:1      | Reached skill level 1 in Air Magic
  2011 | D:2      | Noticed Robin
  2240 | D:1      | Killed Robin
  2241 | D:1      | Reached XP level 4. HP: 6/24 MP: 1/8
  3029 | D:3      | Found a large runed translucent door.
  3031 | D:3      | Found a large runed translucent door.
  3032 | D:3      | Noticed AttackTheMoon's ghost (weakling OgDe)
  3221 | D:3      | Noticed Ijyb
  3232 | D:3      | Killed Ijyb
  3433 | D:3      | Gained mutation: Your magical nature lets you fly swiftly
                  | and evasively. [Tengu growth]
  3433 | D:3      | Reached XP level 5. HP: 28/28 MP: 6/10
  3663 | D:3      | Found Kekh's Antique Armour Boutique.
  3958 | D:3      | Found a stormy altar of Qazlal.
  4379 | D:4      | Learned a level 3 spell: Mephitic Cloud
  4400 | D:4      | Reached XP level 6. HP: 32/32 MP: 2/11
  4405 | D:4      | Learned a level 4 spell: Olgreb's Toxic Radiance
  5036 | D:4      | Found a sacrificial altar of Ru.
  5559 | D:4      | Reached skill level 5 in Poison Magic
  5923 | D:4      | Found a basalt altar of Yredelemnul.
  6266 | D:4      | Reached XP level 7. HP: 36/36 MP: 4/12
  6635 | D:4      | Learned a level 2 spell: Blink
  7026 | D:5      | Entered Level 5 of the Dungeon
  7530 | D:5      | Found Cugoer's Overcharged Wands.
  7854 | D:5      | Reached skill level 1 in Conjurations
  7941 | D:5      | Reached skill level 5 in Spellcasting
  8074 | D:5      | Reached skill level 2 in Conjurations
  8074 | D:5      | Reached XP level 8. HP: 39/41 MP: 16/16
  8184 | D:3      | Bought an encrusted ring mail for 225 gold pieces
  8184 | D:3      | Identified the +5 ring mail of Depression {*Corrode rN+
                  | Str+4} (You bought it in a shop on level 3 of the Dungeon)
  8580 | D:5      | Reached skill level 3 in Conjurations
  8744 | D:5      | Reached skill level 4 in Conjurations
  8786 | D:5      | Reached skill level 5 in Conjurations
  8895 | D:6      | Reached skill level 1 in Fighting
  9118 | D:6      | Reached skill level 1 in Translocations
  9557 | D:6      | Reached skill level 6 in Conjurations
  9666 | D:6      | Identified the +10 halberd "Imaxi" {antimagic, Contam rElec
                  | rF+ rCorr}
  9676 | D:6      | Learned a level 3 spell: Stone Arrow
 10195 | D:6      | Reached XP level 9. HP: 49/49 MP: 10/17
 10326 | D:6      | Found Wupua's General Store.
 10334 | D:6      | Bought a +0 hand crossbow for 49 gold pieces
 10334 | D:6      | Bought a potion of curing for 42 gold pieces
 11063 | D:7      | Reached skill level 1 in Earth Magic
 11219 | D:7      | Found a sand-covered staircase.
 11223 | Ossuary  | Entered an ossuary
 11955 | D:7      | Reached skill level 1 in Shields
 11978 | D:7      | Reached skill level 7 in Conjurations
 12206 | D:7      | Found a staircase to the Ecumenical Temple.
 12216 | Temple   | Entered the Ecumenical Temple
 12440 | Temple   | Fell from the grace of Ru
 12440 | Temple   | Became a worshipper of Sif Muna the Loreminder
 13119 | D:7      | Reached skill level 5 in Dodging
 13705 | D:7      | Noticed a troll
 14454 | D:8      | Found a sparkling altar of Nemelex Xobeh.
 14681 | D:8      | Reached skill level 1 in Invocations
 14754 | D:8      | Reached XP level 10. HP: 58/58 MP: 14/18
 15049 | D:8      | Reached skill level 8 in Conjurations
 15221 | D:8      | Noticed Maimakterion's ghost (novice MiFi)
 15222 | D:8      | Found a runed translucent gate.
 15222 | D:8      | Found a runed translucent gate.
 15222 | D:8      | Found a runed translucent gate.
 16104 | D:9      | Noticed a two-headed ogre
 16112 | D:9      | Killed a two-headed ogre
 16113 | D:9      | Reached skill level 5 in Fighting
 16367 | D:9      | Noticed Harold
 16620 | D:9      | Killed Harold
 16620 | D:9      | Reached * piety under Sif Muna
 17107 | D:10     | Entered Level 10 of the Dungeon
 17467 | D:10     | Reached skill level 9 in Conjurations
 17467 | D:10     | Reached XP level 11. HP: 64/64 MP: 7/20
 17589 | D:10     | Noticed an ogre mage
 17593 | D:10     | Found a transporter.
 17595 | D:10     | Noticed a catoblepas
 17602 | D:10     | Noticed an ogre mage
 17604 | D:10     | Found a transporter.
 17613 | D:10     | Found a hide-covered altar of Uskayaw.
 17614 | D:10     | Found a burning altar of Makhleb.
 17970 | D:11     | Noticed Urug
 17988 | D:10     | HP: 1/64 [orc warrior (11)]
 18232 | D:11     | Noticed a white ugly thing
 18245 | D:10     | Reached skill level 5 in Shields
 18468 | D:10     | Demolished by a shadow

Illustrated notes

Levels and vault maps discovered:
D:1:      dpeg_arrival_lava_altar, layout_basic, basic_ecumenical_altar
D:2:      minmay_roachtagon, layout_rooms, minmay_misc_feat_enclosed, uniq_robin
D:3:      layout_loops_ring, lemuel_doored_altar, ebering_ghost_disaster_area,
          serial_shops, shop, serial_bayou_lagoon_a, uniq_ijyb
D:4:      kennysheep_spiral_hall, layout_basic, nicolae_ru_path_of_blood,
          mainiacjoe_overflow_chevrons, minmay_manual_mail
D:5:      layout_basic, nicolae_shop_overcharged_wands
D:6:      layout_layer_cave, serial_shops, shop_fountains
D:7:      layout_layer_cave, minmay_temple_entry_butterflies, enter_ossuary_5,
          minmay_fire_ice_demons
D:8:      layout_loops_ring, nemelex_xobeh_ov_fountains_minmay,
          biasface_ghost_orc_armoury, kennysheep_windowed_goal
D:9:      layout_roguey, uniq_harold
D:10:     layout_rooms, gammafunk_temple_overflow_arena
D:11:     layout_cave_pools, erik_lair_dragon, orc_david_3, serial_shops,
          nicolae_shop_overgrown_old_shop, uniq_urug
Temple:   regret_index_temple_sphere_string

Skill      XL: |  1  2  3  4  5  6  7  8  9 10 11 |
---------------+----------------------------------+-----
Transmutations | 1 2 3 |  3.0
Air Magic      | 1 2 3 |  3.0
Spellcasting   | 3 5 |  5.9
Poison Magic   | 4 5 6 |  6.0
Conjurations   | 2 6 7 9 |  9.2
Fighting       | 2 4 5 |  5.8
Translocations | 2 |  2.0
Dodging        | 3 5 6 7 |  7.0
Earth Magic    | 2 3 |  3.0
Shields        | 2 4 5 |  5.0
Invocations    | 1 3 |  3.6
Stealth        | |  2.0

Action                   |  1- 3 |  4- 6 |  7- 9 | 10-12 || total
-------------------------+-------+-------+-------+-------++-------
Melee: Staff             |    52 |    71 |    34 |    23 ||   180
       Kick              |     8 |    15 |    77 |    15 ||   115
       Peck              |     5 |     6 |    59 |     6 ||    76
       Hand axe          |       |       |   212 |    24 ||   236
 Fire: Hand crossbow     |       |       |     7 |       ||     7
Throw: Boomerang         |       |     3 |    21 |     2 ||    26
 Cast: Sting             |    41 |    55 |    75 |     5 ||   176
       Poisonous Vapours |     6 |    37 |    53 |    14 ||   110
       Mephitic Cloud    |       |       |     6 |    16 ||    22
       Olgreb's Toxic Ra |       |       |     7 |    11 ||    18
       Stone Arrow       |       |       |    44 |    45 ||    89
       Blink             |       |       |     2 |       ||     2
Invok: Sacrifice Durabil |     1 |       |       |       ||     1
       Channel Magic     |       |       |       |     1 ||     1
Evoke: Wand              |       |       |       |     1 ||     1
  Use: Scroll            |       |     9 |    14 |     4 ||    27
       Potion            |       |       |     2 |     7 ||     9
 Stab: Sleeping          |     2 |     2 |    15 |       ||    19
       Distracted        |     1 |     1 |       |       ||     2
       Confused          |       |       |       |     2 ||     2
Armor: Robe              |    22 |    18 |    66 |     1 ||   107
       Steam dragon scal |       |       |       |    12 ||    12
Dodge: Dodged            |    60 |    77 |   245 |    79 ||   461
Block: Buckler           |       |       |       |     4 ||     4

Table legend: (Time is in decaauts)
 A = Elapsed time spent in this place.
 B = Non-inter-level travel time spent in this place.
 C = Inter-level travel time spent in this place.
 D = Time resting spent in this place.
 E = Time spent auto-exploring this place.
 F = Levels seen in this place.
 G = Mean time per level.
                   A        B        C        D        E       F      G
               +--------+--------+--------+--------+--------+-----+--------+
         Total |  17759 |  16941 |    818 |   2189 |  11751 |  13 | 1366.1 |
       Dungeon |  17130 |  16323 |    807 |   2189 |  11371 |  11 | 1557.3 |
        Temple |    219 |    209 |     10 |      0 |    178 |   1 |  219.0 |
       Ossuary |    408 |    408 |      0 |      0 |    202 |   1 |  408.0 |
               +--------+--------+--------+--------+--------+-----+--------+

Top non-repeatable levels by time:
     D:7: 2485 daAuts
     D:4: 2322 daAuts
     D:6: 2143 daAuts
     D:1: 1964 daAuts
     D:3: 1712 daAuts
     D:5: 1611 daAuts
     D:9: 1453 daAuts
     D:8: 1263 daAuts
     D:2: 1069 daAuts
    D:10: 1055 daAuts
 Ossuary: 408 daAuts
  Temple: 219 daAuts
    D:11: 48 daAuts
